 Dungeon Crawl Stone Soup version 0.31.0-12-g77e489cdc1 (webtiles) character file.

Game seed: 13117224321478675768

104860 Renzlar the Blocker (level 16, -27/129 HPs)
             Began as a Gnoll Fighter on Feb 24, 2024.
             Was a Follower of Dithmenos.
             Annihilated by a titan (43 damage)
             ... created by the fury of Okawaru
             ... on level 14 of the Dungeon on Feb 25, 2024.
             The game lasted 02:47:47 (24458 turns).

Renzlar the Blocker (Gnoll Fighter)                Turns: 24458, Time: 02:47:48

Health: -27/129    AC: 17    Str: 19    XL:     16   Next: 39%
Magic:  0/31       EV: 14    Int: 14    God:    Dithmenos [*.....]
Gold:   324        SH:  9    Dex: 20    Spells: 2/37 levels left

rFire   . . .        g - +8 Vampire's Tooth {megavamp}
rCold   . . .        h - +1 buckler
rNeg    . . .        l - +4 scale mail of Acref {rC- Str-3 Int+5 Slay+4}
rPois   +            S - +1 hat of Evolution {Fly rPois rCorr Dex+3}
rElec   .            o - +0 cloak "Vytif" {rPois rC+ Dex+5}
rCorr   +            (no gloves)
SInv    .            D - +0 pair of boots
Will    +....        A - amulet of guardian spirit
Stlth   +++          U - +4 ring of slaying
HPRegen 0.41/turn    d - ring of resist corrosion
MPRegen 0.22/turn

%: guardian spirit
@: silenced, flying, wreathed by umbra, constricted
A: fangs 1, strong nose, distributed training
a: Renounce Religion


You were on level 14 of the Dungeon.
You worshipped Dithmenos.
Dithmenos was aware of your devotion.
You visited 4 branches of the dungeon, and saw 22 of its levels.
You also visited: Bailey.

You collected 2227 gold pieces.
You spent 1903 gold pieces at shops.

Inventory:

Hand Weapons
 a - the +6 war axe of the Howling Gods {speed, rN++}
   (You bought it in a shop on level 6 of the Dungeon)

   rN++:      It greatly protects you from negative energy.
 c - a +1 sling of freezing
 g - the +8 Vampire's Tooth (weapon) {megavamp}
   (Okawaru gifted it to you on level 2 of the Lair of Beasts)
 u - a +4 scimitar of flaming
Missiles
 i - 6 javelins (quivered)
 x - 18 poisoned darts
 E - 4 throwing nets
 F - 5 curare-tipped darts
Armour
 b - a +0 scale mail
 h - a +1 buckler (worn)
 l - the +4 scale mail of Acref (worn) {rC- Str-3 Int+5 Slay+4}
   (You found it on level 2 of the Dungeon)

   Str-3:     It affects your strength (-3).
   Int+5:     It affects your intelligence (+5).
   Slay+4:    It affects your accuracy & damage with ranged weapons and melee
   (+4).
   rC-:       It makes you vulnerable to cold.
 o - the +0 cloak "Vytif" (worn) {rPois rC+ Dex+5}
   (You acquired it on level 3 of the Dungeon)

   Dex+5:     It affects your dexterity (+5).
   rC+:       It protects you from cold.
   rPois:     It protects you from poison
 D - a +0 pair of boots (worn)
 S - the +1 hat of Evolution (worn) {Fly rPois rCorr Dex+3}
   (You acquired it on level 6 of the Dungeon)

   Dex+3:     It affects your dexterity (+3).
   rPois:     It protects you from poison Fly: It grants you flight.
   rCorr:     It protects you from acid and corrosion.
Jewellery
 d - a ring of resist corrosion (right hand)
 p - a ring of see invisible
 q - a +6 ring of dexterity
 A - an amulet of guardian spirit (around neck)
 I - a ring of flight
 R - a ring of willpower
 U - a +4 ring of slaying (left hand)
 V - a ring of protection from cold
Wands
 n - a wand of flame (42)
 J - a wand of roots (7)
 K - a wand of mindburst (16)
 M - a wand of digging (12)
 T - a wand of acid (1)
Scrolls
 k - a scroll of silence
 s - 3 scrolls of fear
 t - 2 scrolls of vulnerability
 v - 4 scrolls of amnesia
 y - a scroll of revelation
 z - 3 scrolls of teleportation
 B - 2 scrolls of blinking
 G - 4 scrolls of enchant armour
 H - 5 scrolls of identify
Potions
 e - 12 potions of curing
 f - 3 potions of lignification
 j - 8 potions of heal wounds
 m - 2 potions of enlightenment
 r - a potion of invisibility
 w - 4 potions of mutation
 L - a potion of attraction
 N - 4 potions of haste
 O - 3 potions of might
 P - 2 potions of cancellation
 Q - a potion of resistance


   Skills:
 + Level 12.9 Fighting
 + Level 11.2 Short Blades
 + Level 11.2 Long Blades
 + Level 12.1 Axes
 + Level 11.2 Maces & Flails
 + Level 11.2 Polearms
 + Level 11.2 Staves
 + Level 11.2 Ranged Weapons
 + Level 11.2 Throwing
 + Level 12.9 Armour
 + Level 11.2 Dodging
 + Level 11.2 Stealth
 + Level 12.9 Shields
 + Level 11.2 Unarmed Combat
 + Level 11.2 Spellcasting
 + Level 9.5 Conjurations
 + Level 9.5 Hexes
 + Level 9.5 Summonings
 + Level 9.5 Necromancy
 + Level 9.5 Translocations
 + Level 9.5 Fire Magic
 + Level 9.5 Ice Magic
 + Level 9.5 Air Magic
 + Level 9.5 Earth Magic
 + Level 9.5 Alchemy
 + Level 12.2 Invocations
 + Level 11.2 Evocations
 + Level 10.3 Shapeshifting


You had 2 spell levels left.
You knew the following spells:

 Your Spells              Type           Power      Damage    Failure   Level
a - Ozocubu's Armour      Ice            34%        N/A       1%          3
b - Vhi's Electric Charg  Tloc/Air       68%        N/A       4%          4
c - Petrify               Alch/Erth      34%        N/A       4%          4
d - Freezing Cloud        Conj/Ice/Air   17%        6-21      14%         5
e - Irradiate             Conj/Alch      17%        3d17      14%         5
f - Anguish               Hex/Necr       17%        N/A       4%          4
g - Silence               Hex/Air        17%        N/A       14%         5
h - Arcjolt               Conj/Air       17%        1d27      14%         5

Your spell library contained the following spells:

 Spells                   Type           Power      Damage    Failure   Level
 Kiss of Death            Conj/Necr      100%       2d13      1%          1
 Sandblast                Erth           68%        2d15      1%          1
 Sting                    Conj/Alch      100%       1d9       1%          1
 Cigotuvi's Dreadful Rot  Necr/Alch/Air  68%        N/A       1%          2
 Mercury Vapours          Alch/Air       68%        N/A       1%          2
 Sublimation of Blood     Necr           34%        N/A       1%          2
 Confusing Touch          Hex            34%        N/A       1%          3
 Dazzling Flash           Conj/Hex       68%        N/A       1%          3
 Fugue of the Fallen      Necr           34%        N/A       1%          3
 Mephitic Cloud           Conj/Alch/Air  34%        N/A       1%          3
 Passwall                 Erth           34%        N/A       1%          3
 Stone Arrow              Conj/Erth      68%        3d11      1%          3
 Brom's Barrelling Bould  Conj/Erth      34%        2d5       4%          4
 Cause Fear               Hex            17%        N/A       4%          4
 Dispel Undead            Necr           34%        3d15      4%          4
 Iskenderun's Mystic Bla  Conj/Tloc      34%        2d8       4%          4
 Manifold Assault         Tloc           34%        N/A       4%          4
 Curse of Agony           Necr           34%        N/A       14%         5
 Fireball                 Conj/Fire      17%        3d9       14%         5
 Metabolic Englaciation   Hex/Ice        17%        N/A       14%         5
 Plasma Beam              Fire/Air       17%        2x1d28    58%         6
 Sculpt Simulacrum        Ice/Alch       17%        N/A       58%         6
 Enfeeble                 Hex            17%        N/A       99%         7
 Maxwell's Capacitive Co  Air            17%        ∞         100%        8
 Chain Lightning          Conj/Air       17%        3d22      100%        9
 Dragon's Call            Summ           17%        N/A       100%        9


Dungeon Overview and Level Annotations

Branches:
Dungeon (14/15)            Temple (1/1) D:5            Lair (5/5) D:9
 Shoals (0/4) Lair:2       Spider (0/4) Lair:3        Slime (0/5) Lair:5
    Orc (2/2) D:9             Elf (0/3) Orc:2        Vaults (0/5) D:13
 Bailey (visited)

Altars:
Ashenzari
Cheibriados
Dithmenos
Elyvilon
Fedhas
Gozag
Hepliaklqana
Kikubaaqudgha
Makhleb
Nemelex Xobeh
Okawaru
Qazlal
Ru
Sif Muna
Trog
Uskayaw
Vehumet
Wu Jian
Xom
Yredelemnul
Zin
The Shining One
Jiyva
Lugonu

Shops:
D:6 *[?   D:8 :   D:10 [   Orc:2 [(=*

Portals:
Abyss: Lair:5


Innate Abilities, Weirdness & Mutations

You have very sharp teeth.
Your uncanny sense of smell can sniff out nearby items.
Your experience applies equally to all skills.


Message History

You block the titan's attack. The minotaur barely misses you.
The minotaur gores you but does no damage.
You hit the titan.
You feel better.
Your bite misses the titan. You puncture the titan! You bite the titan.
The titan is heavily wounded.
The titan hits you!! You block the minotaur's attack.
The minotaur completely misses you.
You hit the titan. x2; You bite the titan, but do no damage.
The titan is heavily wounded.
The naga warrior spits poison at you. The splash of poison hits you.
You resist.
You hit the titan but do no damage. You bite the titan, but do no damage.
You hit the titan but do no damage. You bite the titan.
The titan is heavily wounded.
The titan hits you but does no damage. The minotaur completely misses you.
The minotaur gores you. You block the naga warrior's attack.
The naga warrior grabs you. The naga warrior constricts you.
You puncture the titan!
You feel better.
You barely miss the titan. Your bite misses the titan.
The titan is severely wounded.
The minotaur hits you!! The minotaur closely misses you.
You block the titan's attack.
You hit the titan.
You feel better.
You hit the titan. You bite the titan, but do no damage.
The titan is severely wounded.
The naga warrior hits you with a +0 short sword!!
The naga warrior constricts you.
You hit the titan but do no damage. You bite the titan.
You completely miss the titan.
The titan is severely wounded.
The titan hits you!!
* * * LOW HITPOINT WARNING * * *
The minotaur closely misses you.
The minotaur gores you but does no damage.
You puncture the titan!
You feel better.
You hit the titan but do no damage.
The titan is severely wounded.
The naga warrior hits you with a +0 short sword!
* * * LOW HITPOINT WARNING * * *
The naga warrior constricts you. The titan hits you!!!
You die...

#.# #..u...... #.# #...#
#......... #.# #...#
#......... #.# #...#
#......... #.# #...#
#......... #.# #...#
#..?...... #.# #...#
#N........
#.######...#####H........
#.............C@NN(......
#########################


You could see a titan, a minotaur, a naga warrior (catching breath), a
salamander mystic and a naga (unsilenced).

Vanquished Creatures
  Rupert (Lair:4)
  A titan (Orc:1)
  3 fire giants
  3 orc warlords
  A stone giant (Orc:1)
  A minotaur (Orc:1)
  Fannar (D:11)
  3 hydras
  Erolcha (Orc:2)
  Harold (D:11)
  5 centaur warriors
  4 boulder beetles
  Erica (Lair:1)
  A naga warrior (Orc:1)
  10 two-headed ogres
  3 thrashing horrors (Lair:5)
  A deep elf knight (D:13)
  An orc high priest (Orc:1)
  Nergalle (D:11)
  Sonja (D:12)
  4 skeletal warriors (D:13)
  An arcanist (D:13)
  Pikel (D:5)
  3 deep elf archers (D:13)
  10 ugly things
  9 deep elf pyromancers (D:13)
  9 deep elf zephyrmancers (D:13)
  10 orc knights
  7 manticores
  3 orc sorcerers (Orc:2)
  3 cyclopes
  15 elephants
  8 black mambas
  A black mamba (shapeshifter) (Lair:5)
  2 large abominations (Lair:5)
  20 cane toads
  A smoke demon (Lair:5)
  Maggie (Lair:1)
  3 rime drakes
  9 komodo dragons
  An efreet (D:13)
  A tengu conjurer (D:13)
  17 trolls
  Psyche (D:12)
  4 polar bears
  22 blink frogs
  8 dream sheep (Lair:4)
  2 raiju (Lair:5)
  Sigmund (D:2)
  2 jumping spiders (Lair:3)
  A shadow (D:6)
  10 slime creatures
  A spriggan (shapeshifter) (Lair:5)
  43 yaks
  A wraith (D:9)
  6 wyverns
  A ynoxinul (Lair:5)
  A vampire (D:11)
  A spriggan (Lair:5)
  8 basilisks
  2 steam dragons
  7 vampire mosquitoes
  2 chaos spawn (Lair:5)
  2 redbacks (Lair:3)
  Menkaure (D:5)
  4 nagas
  4 acid dragons
  Duvessa (D:6)
  18 water moccasins
  2 laughing skulls (D:14)
  2 ice beasts
  49 orc warriors
  14 black bears
  8 ogres
  6 wolves (Lair:2)
  14 small abominations (Lair:5)
  A phantom (D:5)
  8 centaurs
  A lemure (D:5)
  12 bullfrogs
  4 kobold brigands
  A gnoll sergeant (D:9)
  3 scorpions
  Dowan (D:6)
  3 killer bees (D:10)
  An electric eel (D:11)
  4 bombardier beetles
  9 hounds
  10 orc priests
  3 jellies
  Crazy Yiuf (D:3)
  A sleepcap (D:6)
  Ijyb (D:3)
  Terence (D:3)
  3 iguanas
  16 orc wizards
  Robin (D:4)
  10 gnolls
  A river rat (D:6)
  4 adders
  A shadow imp (D:7)
  3 white imps
  2 ufetubi (D:6)
  2 dart slugs
  80 orcs
  11 endoplasms
  6 giant cockroaches
  22 goblins
  5 hobgoblins
  2 jackals (D:3)
  7 quokkas
  5 ball pythons
  6 bats
  2 frilled lizards
  26 kobolds
  8 rats
720 creatures vanquished.

Vanquished Creatures (others)
  An ettin (D:11)
  2 orc wizards (D:6)
  An orc (D:8)
4 creatures vanquished.

Grand Total: 724 creatures vanquished

Notes
Turn   | Place    | Note
-------+----------+-------------------------------------------
     0 | D:1      | Renzlar the Gnoll Fighter began the quest for the Orb.
     0 | D:1      | Reached XP level 1. HP: 23/23 MP: 1/1
   322 | D:1      | Reached XP level 2. HP: 25/29 MP: 2/2
   792 | D:2      | Reached XP level 3. HP: 34/35 MP: 3/3
   864 | D:2      | Identified the +4 scale mail of Acref {rC- Str-3 Int+5
                  | Slay+4}
   894 | D:2      | Reached skill level 1 in Invocations
  1027 | D:2      | Noticed Sigmund
  1041 | D:2      | Killed Sigmund
  1042 | D:2      | Reached skill level 1 in Short Blades
  1042 | D:2      | Reached skill level 1 in Long Blades
  1042 | D:2      | Reached skill level 1 in Maces & Flails
  1042 | D:2      | Reached skill level 1 in Polearms
  1042 | D:2      | Reached skill level 1 in Staves
  1042 | D:2      | Reached skill level 1 in Ranged Weapons
  1042 | D:2      | Reached skill level 1 in Throwing
  1042 | D:2      | Reached skill level 1 in Dodging
  1042 | D:2      | Reached skill level 1 in Stealth
  1042 | D:2      | Reached skill level 1 in Unarmed Combat
  1042 | D:2      | Reached skill level 1 in Spellcasting
  1042 | D:2      | Reached skill level 1 in Conjurations
  1042 | D:2      | Reached skill level 1 in Hexes
  1042 | D:2      | Reached skill level 1 in Summonings
  1042 | D:2      | Reached skill level 1 in Necromancy
  1042 | D:2      | Reached skill level 1 in Translocations
  1042 | D:2      | Reached skill level 1 in Fire Magic
  1042 | D:2      | Reached skill level 1 in Ice Magic
  1042 | D:2      | Reached skill level 1 in Air Magic
  1042 | D:2      | Reached skill level 1 in Earth Magic
  1042 | D:2      | Reached skill level 1 in Alchemy
  1042 | D:2      | Reached skill level 1 in Evocations
  1042 | D:2      | Reached skill level 1 in Shapeshifting
  1042 | D:2      | Reached XP level 4. HP: 12/41 MP: 4/6
  1042 | D:2      | Reached XP level 5. HP: 14/47 MP: 4/7
  1196 | D:2      | Found a bloodstained altar of Trog.
  1872 | D:3      | Noticed Terence
  1879 | D:3      | Reached XP level 6. HP: 51/53 MP: 8/8
  1889 | D:3      | Killed Terence
  1890 | D:3      | Reached skill level 5 in Axes
  2007 | D:3      | Found a snail-covered altar of Cheibriados.
  2009 | D:3      | Noticed Ijyb
  2032 | D:3      | Killed Ijyb
  2119 | D:3      | Identified a scroll of acquirement
  2119 | D:3      | Acquired the +0 cloak "Vytif" {rPois rC+ Dex+5}
  2228 | D:3      | Found a runed translucent door.
  2230 | D:3      | Noticed Crazy Yiuf
  2238 | D:3      | Killed Crazy Yiuf
  2520 | D:3      | Found a glowing golden altar of the Shining One.
  2699 | D:4      | Found a stormy altar of Qazlal.
  2712 | D:4      | Noticed Robin
  2728 | D:4      | Killed Robin
  2820 | D:4      | Reached XP level 7. HP: 58/60 MP: 10/10
  3293 | D:5      | Entered Level 5 of the Dungeon
  3427 | D:5      | Reached XP level 8. HP: 66/67 MP: 12/12
  3519 | D:5      | Noticed Pikel
  3540 | D:5      | Killed Pikel
  3572 | D:5      | Found a staircase to the Ecumenical Temple.
  3581 | Temple   | Entered the Ecumenical Temple
  3594 | Temple   | Became a worshipper of Warmaster Okawaru
  3711 | D:5      | Reached XP level 9. HP: 73/73 MP: 14/14
  3781 | D:5      | Noticed Menkaure
  3805 | D:5      | Killed Menkaure
  3845 | D:5      | Reached * piety under Okawaru
  4093 | D:6      | Found Muicicwi's Assorted Antiques.
  4096 | D:6      | Bought a smoking war axe for 229 gold pieces
  4096 | D:6      | Identified the +6 war axe of the Howling Gods {speed, rN++}
                  | (You bought it in a shop on level 6 of the Dungeon)
  4162 | D:6      | Found an opulent altar of Gozag.
  4476 | D:6      | Reached skill level 5 in Invocations
  4707 | D:6      | Found a bloodstained altar of Trog.
  4757 | D:6      | Found Qeoz Wuu's Armour Shop.
  4758 | D:6      | Noticed Duvessa
  4759 | D:6      | Noticed Dowan
  4765 | D:6      | Killed Duvessa
  4768 | D:6      | Killed Dowan
  4987 | D:6      | Found Wiluawn's Magic Scroll Boutique.
  5542 | D:7      | Reached ** piety under Okawaru
  5543 | D:7      | Reached skill level 5 in Short Blades
  5543 | D:7      | Reached skill level 5 in Long Blades
  5543 | D:7      | Reached skill level 5 in Maces & Flails
  5543 | D:7      | Reached skill level 5 in Polearms
  5543 | D:7      | Reached skill level 5 in Staves
  5543 | D:7      | Reached skill level 5 in Ranged Weapons
  5543 | D:7      | Reached skill level 5 in Throwing
  5543 | D:7      | Reached skill level 5 in Dodging
  5543 | D:7      | Reached skill level 5 in Stealth
  5543 | D:7      | Reached skill level 5 in Unarmed Combat
  5543 | D:7      | Reached skill level 5 in Spellcasting
  5543 | D:7      | Reached skill level 5 in Evocations
  5543 | D:7      | Reached XP level 10. HP: 81/81 MP: 17/17
  6071 | D:7      | Found a shimmering blue altar of Sif Muna.
  6351 | D:8      | Found a blossoming altar of Fedhas.
  6753 | D:8      | Found an ancient bone altar of Kikubaaqudgha.
  6835 | D:8      | Reached *** piety under Okawaru
  6836 | D:8      | Reached skill level 5 in Shapeshifting
  6888 | D:8      | Found Wotz's Book Boutique.
  7411 | D:9      | Noticed a two-headed ogre
  7421 | D:9      | Killed a two-headed ogre
  7491 | D:9      | Found a basalt altar of Yredelemnul.
  7605 | D:9      | Found a staircase to the Lair.
  7676 | D:9      | Noticed a two-headed ogre
  7690 | D:9      | Reached **** piety under Okawaru
  7698 | D:9      | Killed a two-headed ogre
  7699 | D:9      | Reached skill level 5 in Conjurations
  7699 | D:9      | Reached skill level 5 in Hexes
  7699 | D:9      | Reached skill level 5 in Summonings
  7699 | D:9      | Reached skill level 5 in Necromancy
  7699 | D:9      | Reached skill level 5 in Translocations
  7699 | D:9      | Reached skill level 5 in Fire Magic
  7699 | D:9      | Reached skill level 5 in Ice Magic
  7699 | D:9      | Reached skill level 5 in Air Magic
  7699 | D:9      | Reached skill level 5 in Earth Magic
  7699 | D:9      | Reached skill level 5 in Alchemy
  7699 | D:9      | Reached XP level 11. HP: 26/89 MP: 5/20
  7994 | D:9      | Found a staircase to the Orcish Mines.
  8379 | D:9      | Found a radiant altar of Vehumet.
  8431 | D:9      | Noticed a two-headed ogre
  8441 | D:9      | Killed a two-headed ogre
  8495 | D:9      | Noticed a two-headed ogre
  8509 | D:9      | Killed a two-headed ogre
  8643 | Lair:1   | Entered Level 1 of the Lair of Beasts
  8833 | Lair:1   | Learned a level 3 spell: Ozocubu's Armour
  8852 | Lair:1   | Reached ***** piety under Okawaru
  9099 | Lair:1   | Received a gift from Okawaru
  9251 | Lair:1   | Noticed Erica
  9262 | Lair:1   | Killed Erica
  9433 | Lair:1   | Reached XP level 12. HP: 73/97 MP: 10/22
  9504 | Lair:1   | Received a gift from Okawaru
  9979 | Lair:1   | Identified the +0 ring mail of the Stag {Rampage Will+
                  | Int+4 Slay+2}
 10019 | Lair:1   | Noticed Maggie
 10031 | Lair:1   | Killed Maggie
 10042 | Lair:1   | Reached skill level 10 in Fighting
 10042 | Lair:1   | Reached skill level 10 in Armour
 10042 | Lair:1   | Reached skill level 10 in Shields
 10500 | Lair:1   | Learned a level 4 spell: Vhi's Electric Charge
 10709 | Lair:2   | Found a staircase to the Shoals.
 10796 | Lair:2   | Reached ****** piety under Okawaru
 10797 | Lair:2   | Acquired the +8 Vampire's Tooth {megavamp}
 10797 | Lair:2   | Received a gift from Okawaru
 10797 | Lair:2   | Found the +8 Vampire's Tooth {megavamp}
 10801 | Lair:2   | Acquired the +5 plate armour of the Good {+Blink rPois
                  | Regen+ Str-2}
 10801 | Lair:2   | Received a gift from Okawaru
 10999 | Lair:2   | Received a gift from Okawaru
 11390 | Lair:2   | Reached XP level 13. HP: 104/104 MP: 25/25
 11979 | Lair:3   | Learned a level 4 spell: Petrify
 11992 | Lair:3   | Found a hole to the Spider Nest.
 12192 | Lair:3   | Received a gift from Okawaru
 13328 | Lair:4   | Received a gift from Okawaru
 13481 | Lair:4   | Reached skill level 10 in Axes
 13847 | Lair:4   | Noticed Rupert
 13860 | Lair:4   | Paralysed by Rupert for 3 turns
 13871 | Lair:4   | Killed Rupert
 13871 | Lair:4   | Received a gift from Okawaru
 13974 | Lair:4   | Reached XP level 14. HP: 113/113 MP: 24/27
 14042 | Lair:4   | Acquired the Book of Mighty Haze
 14156 | Lair:4   | Reached skill level 10 in Invocations
 14591 | Lair:5   | Entered Level 5 of the Lair of Beasts
 14908 | Lair:5   | Received a gift from Okawaru
 14971 | Lair:5   | Found a dark tunnel.
 14974 | Lair:5   | Found a viscous altar of Jiyva.
 14974 | Lair:5   | Found a staircase to the Slime Pits.
 15263 | Lair:5   | Received a gift from Okawaru
 15291 | Lair:5   | Found a corrupted altar of Lugonu.
 15291 | Lair:5   | Found a one-way gate to the infinite horrors of the Abyss.
 16053 | Lair:5   | Learned a level 5 spell: Freezing Cloud
 16059 | Lair:5   | Learned a level 5 spell: Irradiate
 16171 | D:10     | Entered Level 10 of the Dungeon
 16209 | D:10     | Found a flagged portal.
 16220 | Bailey   | Entered a bailey
 16624 | D:10     | Learned a level 4 spell: Anguish
 16670 | D:10     | Found an ornate altar of the Wu Jian Council.
 16772 | D:6      | Bought a scroll of acquirement for 676 gold pieces
 16773 | D:6      | Acquired the +1 hat of Evolution {Fly rPois rCorr Dex+3}
 16864 | D:10     | Found a shimmering altar of Xom.
 16864 | D:10     | Found a shimmering altar of Xom.
 16865 | D:10     | Found a shimmering altar of Xom.
 16865 | D:10     | Found a shimmering altar of Xom.
 17218 | D:10     | Found Zoceab's Antique Armour Boutique.
 17362 | D:10     | Received a gift from Okawaru
 17538 | D:10     | Found a shimmering altar of Xom.
 17542 | D:10     | Found a shimmering altar of Xom.
 17785 | D:10     | Learned a level 3 spell: Fugue of the Fallen
 17853 | D:11     | Noticed Nergalle
 17861 | D:11     | Killed Nergalle
 17862 | D:11     | Reached skill level 10 in Short Blades
 17862 | D:11     | Reached skill level 10 in Long Blades
 17862 | D:11     | Reached skill level 10 in Maces & Flails
 17862 | D:11     | Reached skill level 10 in Polearms
 17862 | D:11     | Reached skill level 10 in Staves
 17862 | D:11     | Reached skill level 10 in Ranged Weapons
 17862 | D:11     | Reached skill level 10 in Throwing
 17862 | D:11     | Reached skill level 10 in Dodging
 17862 | D:11     | Reached skill level 10 in Stealth
 17862 | D:11     | Reached skill level 10 in Unarmed Combat
 17862 | D:11     | Reached skill level 10 in Spellcasting
 17862 | D:11     | Reached skill level 10 in Evocations
 17906 | D:11     | Noticed Fannar
 17918 | D:11     | Killed Fannar
 18207 | D:10     | Bought a pair of bloodstained boots for 228 gold pieces
 18207 | D:10     | Identified the +0 pair of boots "Izxuz" {Harm rElec rF-
                  | Int+6} (You bought it in a shop on level 10 of the Dungeon)
 18268 | D:11     | Noticed Harold
 18273 | D:11     | Killed Harold
 18331 | D:11     | Reached XP level 15. HP: 108/120 MP: 25/29
 18414 | D:11     | Found a frozen archway.
 18678 | D:11     | Received a gift from Okawaru
 18702 | D:11     | Got the Guidebook on Distillation
 19469 | D:12     | Noticed Sonja
 19469 | D:12     | Noticed Psyche
 19473 | D:12     | Killed Sonja
 19475 | D:12     | Killed Psyche
 19967 | D:13     | Received a gift from Okawaru
 19992 | D:13     | Identified the +5 trident of Punuv {venom, rC- Str+2 Int+2}
 20208 | D:12     | Learned a level 5 spell: Arcjolt
 20439 | D:13     | Received a gift from Okawaru
 20984 | D:13     | Found a gate to the Vaults.
 21261 | Orc:1    | Entered Level 1 of the Orcish Mines
 21335 | Orc:2    | Entered Level 2 of the Orcish Mines
 21337 | Orc:2    | Found a staircase to the Elven Halls.
 21381 | Orc:1    | Reached skill level 10 in Shapeshifting
 21493 | Orc:1    | Received a gift from Okawaru
 21520 | Orc:1    | Noticed an orc warlord
 21526 | Orc:2    | Reached XP level 16. HP: 122/129 MP: 22/30
 22344 | Temple   | Fell from the grace of Okawaru
 22344 | Temple   | Became a worshipper of Dithmenos the Shadowed
 22515 | Orc:2    | Paralysed by an orc sorcerer for 2 turns
 23028 | Orc:2    | Noticed a titan
 23054 | Orc:1    | Killed a titan
 23269 | Orc:1    | Learned a level 5 spell: Silence
 23735 | Orc:2    | Found Fomequn's Antique Weapon Shoppe.
 23752 | Orc:2    | Bought a runed sling for 126 gold pieces
 23968 | Orc:2    | Noticed Erolcha
 23976 | Orc:2    | Killed Erolcha
 24004 | Orc:2    | Found Haoh's Antique Armour Shoppe.
 24010 | Orc:2    | Bought an ancient helmet for 294 gold pieces
 24010 | Orc:2    | Identified the +0 helmet of a bailey {Rampage rN+} (You
                  | bought it in a shop on level 2 of the Orcish Mines)
 24020 | Orc:2    | Found Huwaso Buhoe's Jewellery Shoppe.
 24049 | Orc:2    | Found Bisi Keq's General Store.
 24076 | Orc:2    | Bought a ring of willpower for 350 gold pieces
 24229 | D:14     | Reached * piety under Dithmenos
 24442 | D:14     | Noticed a titan
 24458 | D:14     | Annihilated by a titan

Illustrated notes

Levels and vault maps discovered:
D:1:      nagdon_arrival_double_spiral, layout_basic
D:2:      layout_basic, basic_altar, uniq_sigmund
D:3:      layout_basic, nicolae_tso_swordbearing_angel, kennysheep_slug_shrine,
          grunt_ministairs_10, uniq_crazy_yiuf_cottage, uniq_terence, uniq_ijyb
D:4:      layout_rooms, nicolae_qazlal_eye_of_the_storm, serial_bayou,
          serial_bayou_pond_b, serial_bayou_lagoon_a, serial_bayou_shore_a,
          serial_bayou_pond_a, uniq_robin
D:5:      layout_cave_pools, minmay_temple_entry_sparse_star,
          chequers_serial_rivers_micro_d, uniq_menkaure, uniq_pikel
D:6:      layout_loops_ring, kennysheep_mini, lemuel_tele_altar, serial_shops,
          nicolae_shop_crystal, portal_sewer_entry_e, minmay_shop_grid_forest,
          nicolae_stop_n_shop_2, uniq_duvessa
D:7:      layout_loops_corners, kennysheep_mini_moat
D:8:      layout_basic, nicolae_overflow_hidden_temple,
          mainiacjoe_overflow_paths, serial_shops, nicolae_shop_peninsula,
          hangedman_abyss_or_decor_passed
D:9:      layout_small_grid, mainiacjoe_overflow_alcove_4,
          mainiacjoe_overflow_chevrons, lair_entry_dummy, david_orc_5
D:10:     layout_stronghold, xom_shifter_show, nzn_wu_jian_contemplation,
          serial_shops, nicolae_lakefront_shop, lightli_bailey_entry_fortress,
          minivault_25_ag, kennysheep_generic_room_10
D:11:     minmay_goldmine, layout_loops_ring, portal_ice_cave_entry_pillars_1,
          kennysheep_island_fort, uniq_harold, uniq_fannar, uniq_nergalle
D:12:     layout_basic, uniq_sonja, uniq_psyche
D:13:     minmay_elf_outpost, layout_rooms, david_vaults_1
D:14:     layout_long_grid, chequers_arboretum
Temple:   zaba_magenta_temple
Lair:1:   layout_small_grid, beast_lair_carwin_7, grunt_megastairs_4,
          uniq_erica, uniq_maggie
Lair:2:   layout_cave_pods, minmay_shoals_entry_beasts, fungi_pond_lemuel
Lair:3:   layout_cave_pods, spider_nest_entry_a, serial_rivers,
          chequers_serial_rivers_room_a, chequers_serial_rivers_marsh,
          chequers_serial_rivers_small_3, chequers_serial_rivers_marsh,
          columned_hall_lemuel
Lair:4:   layout_cave_pods, grunt_megastairs_3, uniq_rupert
Lair:5:   hellmonk_lair_end_abyssal_woods, layout_misc_corridors, slime_entry_1,
          nicolae_volcano_entry_two_sided
Orc:1:    layout_diamond_mine
Orc:2:    grunt_orc_cross, layout_caves, uniq_erolcha

Skill      XL: |  1  2  3  4  5  6  7  8  9 10 11 12 13 14 15 16 |
---------------+-------------------------------------------------+-----
Invocations    | 1 2 3 4 5 6 7 8 9 10 11 12 | 12.2
Short Blades   | 1 2 3 5 6 7 8 9 10 11 | 11.2
Long Blades    | 1 2 3 5 6 7 8 9 10 11 | 11.2
Maces & Flails | 1 2 3 5 6 7 8 9 10 11 | 11.2
Polearms       | 1 2 3 5 6 7 8 9 10 11 | 11.2
Staves         | 1 2 3 5 6 7 8 9 10 11 | 11.2
Ranged Weapons | 1 2 3 5 6 7 8 9 10 11 | 11.2
Throwing       | 1 2 3 5 6 7 8 9 10 11 | 11.2
Dodging        | 1 2 3 5 6 7 8 9 10 11 | 11.2
Stealth        | 1 2 3 5 6 7 8 9 10 11 | 11.2
Unarmed Combat | 1 2 3 5 6 7 8 9 10 11 | 11.2
Spellcasting   | 1 2 3 5 6 7 8 9 10 11 | 11.2
Conjurations   | 1 2 3 4 5 6 7 8 9 |  9.5
Hexes          | 1 2 3 4 5 6 7 8 9 |  9.5
Summonings     | 1 2 3 4 5 6 7 8 9 |  9.5
Necromancy     | 1 2 3 4 5 6 7 8 9 |  9.5
Translocations | 1 2 3 4 5 6 7 8 9 |  9.5
Fire Magic     | 1 2 3 4 5 6 7 8 9 |  9.5
Ice Magic      | 1 2 3 4 5 6 7 8 9 |  9.5
Air Magic      | 1 2 3 4 5 6 7 8 9 |  9.5
Earth Magic    | 1 2 3 4 5 6 7 8 9 |  9.5
Alchemy        | 1 2 3 4 5 6 7 8 9 |  9.5
Evocations     | 1 2 3 5 6 7 8 9 10 11 | 11.2
Shapeshifting  | 1 2 3 4 5 6 7 8 9 10 | 10.3
Axes           | 5 6 7 8 9 10 11 12 | 12.1
Fighting       | 7 8 9 10 11 12 | 12.9
Armour         | 7 8 9 10 11 12 | 12.9
Shields        | 7 8 9 10 11 12 | 12.9

Action                     |  1- 3 |  4- 6 |  7- 9 | 10-12 | 13-15 | 16-18 || total
---------------------------+-------+-------+-------+-------+-------+-------++-------
  Melee: War axe           |    69 |    48 |   170 |   288 |    97 |       ||   672
         Bite              |     4 |     4 |    20 |    57 |   313 |   105 ||   503
         Scimitar          |       |       |       |    94 |   132 |    14 ||   240
         Quick blade       |       |       |       |       |  1401 |   462 ||  1863
   Fire: Sling             |    22 |    64 |   159 |   237 |   253 |   113 ||   848
  Throw: Dart              |       |       |       |     8 |     3 |       ||    11
         Javelin           |       |       |       |       |     4 |     6 ||    10
   Cast: Ozocubu's Armour  |       |       |       |     8 |     3 |       ||    11
         Vhi's Electric Ch |       |       |       |       |    19 |       ||    19
         Petrify           |       |       |       |       |     6 |       ||     6
         Irradiate         |       |       |       |       |     2 |     3 ||     5
         Anguish           |       |       |       |       |     2 |       ||     2
         Arcjolt           |       |       |       |       |     1 |     1 ||     2
         Freezing Cloud    |       |       |       |       |     1 |       ||     1
         Fugue of the Fall |       |       |       |       |     1 |       ||     1
         Silence           |       |       |       |       |       |     3 ||     3
 Invoke: Heroism           |       |       |       |     2 |     3 |       ||     5
         Receive Weapon    |       |       |       |     1 |       |       ||     1
         Receive Armour    |       |       |       |     1 |       |       ||     1
  Evoke: Wand              |       |       |       |     1 |       |     1 ||     2
    Use: Scroll            |     3 |     9 |     5 |     7 |     9 |     3 ||    36
         Potion            |     1 |     1 |       |       |     1 |     2 ||     5
   Stab: Sleeping          |       |       |       |       |     4 |     2 ||     6
         Petrified         |       |       |       |       |     2 |       ||     2
         Distracted        |       |       |       |       |     1 |       ||     1
 Armour: Scale mail        |    48 |    38 |    93 |   219 |   600 |   169 ||  1167
  Dodge: Dodged            |    20 |    22 |    62 |   181 |   565 |   161 ||  1011
  Block: Buckler           |    19 |    17 |    48 |   142 |   403 |   114 ||   743
         Form:             |       |       |       |     1 |       |       ||     1
         Beast             |       |       |       |     1 |       |       ||     1
